 Dungeon Crawl Stone Soup version 0.22-a0-307-g2b15929 (webtiles) character file.

2258 Borgoz the Grappler (level 9, -1/81 HPs)
             Began as a Ghoul Gladiator on Apr 1, 2018.
             Engulfed by a steam dragon's steam (2 damage)
             ... on level 6 of the Dungeon.
             The game lasted 00:07:52 (5057 turns).

Borgoz the Grappler (Ghoul Gladiator)               Turns: 5057, Time: 00:07:53

Health: -1/81      AC:  4    Str: 18    XL:     9   Next: 38%
Magic:  8/8        EV: 31    Int:  3    God:
Gold:   188        SH:  0    Dex: 13    Spells: 8/8 levels left

rFire    . . .     SeeInvis .     - Unarmed
rCold    + . .     Gourm    .   (no shield)
rNeg     + + +     Faith    .   a - +0 leather armour
rPois    ∞         Spirit   .   b - +0 helmet
rElec    .         Reflect  .   (no cloak)
rCorr    .         Harm     .   (no gloves)
MR       .....                  (no boots)
Stlth    ..........             j - amulet of the acrobat
HPRegen  0.23/turn              q - +1 ring of evasion
MPRegen  0.11/turn              r - ring of loudness (curse)

@: acrobat, very slightly contaminated, rotting, invisible
A: rotting body, claws 1, carnivore, cold resistance 1, negative energy
resistance 3, inhibited regeneration, torment resistance, unbreathing
a: no special abilities


You were on level 6 of the Dungeon.
You were not hungry.

You visited 1 branch of the dungeon, and saw 6 of its levels.

You collected 188 gold pieces.

Inventory:

Missiles
 c - 4 throwing nets (quivered)
Armour
 a - a +0 leather armour (worn)
 b - a +0 helmet (worn)
 n - a cursed +0 plate armour
Jewellery
 j - an amulet of the acrobat (around neck)
 q - a +1 ring of evasion (left claw)
 r - a cursed ring of loudness (right claw)
 u - an uncursed amulet of harm
 v - an uncursed ring of protection from magic
Wands
 t - a wand of iceblast (6)
 z - a wand of scattershot (8)
Scrolls
 f - 3 scrolls of enchant armour {unknown}
 h - 2 scrolls of fear {unknown}
 m - a scroll of noise {unknown}
 p - 3 scrolls of magic mapping {unknown}
 y - 3 scrolls of remove curse {unknown}
 C - a scroll of amnesia {unknown}
Potions
 e - a potion of might
 g - 2 potions of berserk rage
 i - 2 potions of flight
 o - a potion of agility {unknown}
 s - 2 potions of brilliance
 x - a potion of lignification
 A - a potion of curing
Comestibles
 d - 10 rations
 l - a chunk of flesh


   Skills:
 + Level 8.0 Fighting
 - Level 1.7 Throwing
 + Level 7.0 Dodging
 + Level 8.4 Unarmed Combat


You had 8 spell levels left.
You didn't know any spells.

Dungeon Overview and Level Annotations

Branches:
Dungeon (6/15)
 Temple: D:4-7

Altars:
Ashenzari
Gozag
Kikubaaqudgha
Qazlal
Ru
Uskayaw
Xom


Innate Abilities, Weirdness & Mutations

Your body is rotting away.
You thrive on raw meat.
You are immune to poison.
You have sharp fingernails.
You are carnivorous and can eat meat at any time.
Your flesh is cold resistant. (rC+)
You are immune to negative energy. (rN+++)
You do not regenerate when monsters are visible.
You are immune to unholy pain and torment.
You can survive without breathing.


Message History

* * * LOW HITPOINT WARNING * * *
Unknown command.
It was a potion of heal wounds.
You feel much better. The steam dragon bites you!
* * * LOW HITPOINT WARNING * * *
The steam dragon misses you.
You claw the steam dragon!
The steam dragon is heavily wounded.
The steam dragon breathes steam at you. The ball of steam hits you!
* * * LOW HITPOINT WARNING * * *
Unknown command.
You fade into invisibility!
The steam dragon barely misses you. The steam dragon claws you.
* * * LOW HITPOINT WARNING * * *
You are very lightly contaminated with residual magic.
The steam dragon breathes steam at you. The ball of steam misses you.
* * * LOW HITPOINT WARNING * * *
You die...

# .# # .. # ..
############### #.
#.............. #.
#.######.###### #.
#.######.#
#.#########.#...##.#
#)..D§§@§§...#.##)#
#.#########.#...##)#
... #.##.))..# ####
#.######## ..# ###


There were no monsters in sight!

Vanquished Creatures
  A two-headed ogre (D:5)
  A steam dragon (D:6)
  An orc warrior (D:5)
  2 sky beasts
  An ice beast (D:5)
  A phantom (D:6)
  3 ogres
  A centaur (D:5)
  A bullfrog (D:5)
  A water moccasin zombie (D:6)
  4 wights (D:6)
  A crimson imp (D:5)
  A hound (D:5)
  A jelly (D:6)
  3 orc wizards
  2 bullfrog skeletons (D:5)
  A worker ant (D:4)
  A hound skeleton (D:6)
  A howler monkey zombie (D:5)
  A howler monkey skeleton (D:4)
  4 adders
  An ooze (D:4)
  An adder zombie (D:5)
  An adder skeleton (D:5)
  A worm (D:3)
  3 dart slugs
  A leopard gecko (D:2)
  11 orcs
  A ball python (D:5)
  5 giant cockroaches
  10 goblins
  6 hobgoblins
  4 jackals (D:6)
  5 kobolds
  4 quokkas
  6 bats
  5 frilled lizards
  A quokka skeleton (D:4)
  4 rats
103 creatures vanquished.

Notes
Turn   | Place    | Note
-------+----------+-------------------------------------------
     0 | D:1      | Borgoz the Ghoul Gladiator began the quest for the Orb.
     0 | D:1      | Reached XP level 1. HP: 17/17 MP: 0/0
   183 | D:1      | Reached XP level 2. HP: 25/25 MP: 1/1
   519 | D:2      | Reached XP level 3. HP: 30/30 MP: 2/2
   524 | D:2      | Found a shattered altar of Ashenzari.
   796 | D:2      | Found a stormy altar of Qazlal.
   962 | D:2      | Reached XP level 4. HP: 38/38 MP: 3/3
  1286 | D:3      | Reached XP level 5. HP: 34/46 MP: 4/4
  2102 | D:4      | Found a shimmering altar of Xom.
  2224 | D:4      | Noticed an ogre
  2233 | D:4      | Killed an ogre
  2233 | D:4      | Reached skill level 5 in Unarmed Combat
  2233 | D:4      | Reached XP level 6. HP: 28/53 MP: 5/5
  2583 | D:5      | Entered Level 5 of the Dungeon
  2839 | D:5      | Noticed an ice beast
  2848 | D:5      | Killed an ice beast
  2848 | D:5      | Reached skill level 5 in Fighting
  2848 | D:5      | Reached XP level 7. HP: 27/61 MP: 6/6
  3023 | D:5      | Found a hide-covered altar of Uskayaw.
  3110 | D:5      | Found an ancient bone altar of Kikubaaqudgha.
  3113 | D:5      | Found a sacrificial altar of Ru.
  3130 | D:5      | Found an opulent altar of Gozag.
  3395 | D:5      | Reached skill level 5 in Dodging
  3742 | D:5      | Noticed a two-headed ogre
  3746 | D:5      | Killed a two-headed ogre
  3746 | D:5      | Reached XP level 8. HP: 69/69 MP: 7/7
  4557 | D:6      | Reached XP level 9. HP: 46/79 MP: 8/8
  5052 | D:6      | HP: 4/81 [steam dragon (1)]
  5056 | D:6      | HP: 1/81 [something] (3)]
  5057 | D:6      | Engulfed by a steam dragon's steam

Vault maps used:
D:1:      lightli_arrival_maybe_door_vault
D:2:      ashenzari_altar_1, nicolae_qazlal_general_emergency
D:4:      tgw_xom
D:5:      wad_lake_hut, grunt_temple_overflow_cloverleaf, first_ration
D:6:      cheibrodos_steamvent, lemuel_crystal_altar, grunt_decor_arrowhead

Skill      XL: |  1  2  3  4  5  6  7  8  9 |
---------------+----------------------------+-----
Dodging        | 3 4 6 7 |  7.0
Fighting       | 3 4 5 6 7 8 |  8.0
Unarmed Combat | 4 5 7 8 |  8.4
Throwing       | |  1.7

Action                   |  1- 3 |  4- 6 |  7- 9 || total
-------------------------+-------+-------+-------++-------
Melee: Unarmed           |   107 |   144 |   175 ||   426
       Punch             |     3 |     1 |     4 ||     8
Evoke: Wand              |       |       |     4 ||     4
  Use: Scroll            |       |       |     6 ||     6
       Potion            |       |       |     3 ||     3
  Eat: Chunk             |     9 |     6 |     7 ||    22
Armor: Leather armour    |    42 |    24 |    25 ||    91
Dodge: Dodged            |    68 |    68 |   123 ||   259

Table legend:
 A = Spawn XP
 B = Non-spawn XP
 C = Spawn XP percentage of total XP
 D = Spawn monster count
 E = Non-spawn monster count
 F = Spawn count percentage of total count
 G = Total turns spent on level
                    A         B        C        D         E        F      G
               +---------+---------+-------+---------+---------+-------+---------
         Total |       0 |    3226 |   0.0 |       0 |     103 |   0.0 |  5057
               +---------+---------+-------+---------+---------+-------+---------
           D:1 |       0 |      28 |   0.0 |       0 |      17 |   0.0 |   478
           D:2 |       0 |      56 |   0.0 |       0 |      24 |   0.0 |   592
           D:3 |       0 |     115 |   0.0 |       0 |      12 |   0.0 |   520
           D:4 |       0 |     193 |   0.0 |       0 |      10 |   0.0 |   993
           D:5 |       0 |    1845 |   0.0 |       0 |      22 |   0.0 |  1876
           D:6 |       0 |     989 |   0.0 |       0 |      18 |   0.0 |   598
               +---------+---------+-------+---------+---------+-------+---------
